Map: King's Cove LE

Players

Basior

  • Race: Terran Terran
  • Spawn Location: 11:00

Probe - Winner!

  • Race: Protoss Protoss
  • Spawn Location: 5:00

Event: IEM Season 13: Katowice (2019)

VOD

Have the link to the VOD?

Description

Time

  • Played on: Feb. 26, 2019, 5:21 a.m.
  • Length: 10:19

All games in this series

Show
View Real Time Build Order
Export as new Build Order

Basior Terran 

Build Orders: Reaper Expand 

Get SALT Encoding   

  12  0:00  SCV  
  13  0:12  SCV  
  14  0:17  Supply Depot  
  14  0:24  SCV  
  15  0:39  SCV  
  15  0:41  Barracks  
  16  0:45  Refinery  
  16  0:51  SCV  
  17  1:03  SCV  
  18  1:15  SCV  
  19  1:28  Orbital Command  
  19  1:29  Reaper  
  20  1:47  Command Center  
  20  1:54  SCV  
  21  2:04  Barracks Reactor  
  21  2:06  SCV, Supply Depot  
  22  2:16  Barracks  
  22  2:19  Refinery  
  22  2:20  SCV  
  23  2:32  SCV  
  24  2:42  Factory  
  25  2:44  SCV  
  25  2:46  Marine x2  
  27  2:59  SCV  
  27  3:03  Barracks Tech Lab, Marine x2  
  30  3:08  Orbital Command  
  30  3:14  SCV  
  31  3:21  Marine  
  31  3:22  Stimpack  
  31  3:23  Marine x2  
  34  3:31  Factory Tech Lab  
  34  3:32  Starport  
  34  3:34  SCV  
  34  3:36  SCV  
  36  3:43  Marine x3  
  36  3:48  SCV x2  
  39  3:52  Supply Depot  
  40  3:57  Siege Tank  
  40  4:00  SCV x2  
  45  4:05  Marine  
  46  4:12  Supply Depot  
  46  4:13  Marine x2  
  46  4:14  SCV x2  
  50  4:18  Medivac  
  50  4:22  Supply Depot  
  52  4:26  SCV x2  
  54  4:34  Siege Tank, Marine x3  
  60  4:39  Supply Depot  
  60  4:40  SCV  
  60  4:41  SCV  
  62  4:48  Refinery, Medivac  
  62  4:52  SCV  
  65  4:53  SCV  
  65  4:57  Supply Depot, Marine x2  
  68  5:00  Marine  
  68  5:04  SCV  
  68  5:05  SCV  
  71  5:09  Refinery  
  71  5:10  Supply Depot  
  71  5:16  Barracks, SCV  
  71  5:17  SCV  
  71  5:28  SCV  
  71  5:29  SCV  
  71  5:33  Marauder, Combat Shield, Marine x2  
  77  5:36  Factory Reactor  
  77  5:37  Starport Reactor  
  77  5:40  SCV  
  77  5:41  SCV  
  79  5:44  Engineering Bay  
  79  5:52  SCV  
  70  6:04  Marauder, Marine  
  70  6:12  SCV  
  70  6:13  SCV  
  70  6:15  Marauder, Marine  
  73  6:22  Widow Mine x2, Medivac x2, Marine  
  73  6:24  Terran Infantry Weapons Level 1  
  73  6:25  Ghost Academy  
  82  6:26  Marauder  
  82  6:27  Engineering Bay  
  82  6:31  Supply Depot  
  84  6:38  Concussive Shells  
  84  6:39  Command Center  
  84  6:40  Marauder  
  84  6:42  Marine x2  
  84  6:47  Widow Mine  
  90  6:54  Terran Infantry Armor Level 1  
  92  6:59  Ghost  
  92  7:00  Ghost  
  92  7:01  Marine x2  
  92  7:03  SCV x2  
  92  7:05  Supply Depot x2  
  98  7:10  Supply Depot  
  98  7:11  Medivac  
  98  7:13  Medivac  
  102  7:19  Supply Depot  
  102  7:21  SCV, Supply Depot  
  103  7:23  SCV  
  103  7:32  Marauder x2, Marine x2  
  103  7:34  Widow Mine x2  
  116  7:49  Marine  
  116  7:51  Marine  
  116  7:53  Marauder x2  
  119  8:07  Marine  
  119  8:08  Viking x2  
  119  8:09  Marine  
  122  8:14  Marauder  
  122  8:15  Marauder, SCV x2  
  122  8:18  Starport  
  128  8:20  Supply Depot  
  128  8:21  Supply Depot  
  128  8:27  Marine x2  
  130  8:36  Marauder, Marine  
  133  8:41  Viking x2  
  133  8:44  Marine  
  133  8:45  Marine  
  139  8:54  Marauder  
  131  8:56  Viking x2  
  131  8:57  Marauder  
  131  9:02  Marine  
  137  9:03  Marine  
  137  9:06  Supply Depot  
  139  9:11  Viking x2  
  141  9:19  Marauder, Marine  
  141  9:20  Marine  
  145  9:26  Viking  
  145  9:34  Marine  
  145  9:35  Viking  
  145  9:37  Marine  
  148  9:41  Marauder  
  148  9:44  Marine  
  148  9:55  Marauder  
  148  9:58  Marine  
Show
View Real Time Build Order
Export as new Build Order

Probe Protoss - Winner!

Build Orders: 1 Gate Expand, Blink Stalkers, Colossus Rush 

Get SALT Encoding   

  12  0:00  Probe  
  13  0:12  Probe  
  14  0:17  Pylon  
  14  0:24  Probe  
  15  0:32  Probe  
  15  0:37  Gateway  
  15  0:40  Probe  
  16  0:46  Assimilator  
  17  0:51  Probe  
  18  1:03  Probe  
  19  1:15  Probe  
  20  1:24  Nexus  
  20  1:35  Cybernetics Core  
  20  1:41  Probe  
  20  1:44  Assimilator  
  21  1:53  Pylon, Probe  
  22  2:02  Adept  
  22  2:04  Probe  
  23  2:12  Warp Gate, Probe  
  25  2:22  Twilight Council  
  26  2:30  Probe  
  27  2:38  Stalker  
  27  2:41  Probe  
  29  2:44  Probe  
  29  2:49  Probe  
  29  2:50  Blink  
  31  2:57  Probe  
  32  2:59  Probe  
  33  3:07  Probe  
  33  3:11  Probe  
  35  3:15  Probe  
  35  3:19  Robotics Facility  
  36  3:23  Probe  
  36  3:24  Probe  
  37  3:33  Gateway  
  38  3:34  Gateway  
  38  3:35  Probe x2  
  40  3:47  Probe x2  
  42  3:50  Pylon  
  42  3:59  Probe x2  
  42  4:00  Stalker  
  46  4:04  Assimilator  
  46  4:07  Assimilator  
  46  4:08  Observer, Pylon  
  47  4:11  Probe x2  
  49  4:23  Probe x2  
  51  4:25  Stalker  
  51  4:28  Stalker x2  
  57  4:32  Observer  
  57  4:34  Pylon  
  57  4:35  Probe  
  57  4:36  Probe  
  60  4:43  Robotics Bay  
  60  4:44  Forge  
  60  4:47  Pylon  
  60  4:53  Stalker  
  60  4:55  Probe x2  
  60  4:57  Observer  
  65  5:20  Protoss Ground Weapons Level 1, Colossus  
  65  5:22  Nexus  
  65  5:34  Stalker x3  
  75  5:40  Pylon  
  75  5:52  Gateway  
  75  5:53  Gateway  
  75  5:54  Gateway  
  75  6:03  Sentry x2  
  75  6:04  Zealot  
  81  6:07  Pylon  
  81  6:09  Pylon  
  81  6:11  Charge  
  81  6:15  Probe x2, Colossus  
  83  6:24  Pylon  
  83  6:31  Zealot x2  
  83  6:32  Zealot  
  95  6:34  Probe  
  95  6:36  Probe  
  95  6:38  Probe  
  98  6:46  Probe  
  99  6:48  Probe  
  99  6:49  Sentry, Zealot  
  99  6:51  Probe  
  105  6:58  Probe  
  106  7:02  Probe  
  106  7:03  Shield Battery  
  106  7:08  Extended Thermal Lance, Colossus  
  107  7:09  Probe  
  107  7:10  Probe, Colossus  
  107  7:13  Zealot  
  117  7:20  Protoss Ground Armor Level 1, Zealot x2  
  117  7:22  Sentry x2  
  125  7:23  Shield Battery  
  125  7:26  Observer, Pylon  
  125  7:44  Pylon x2, Probe x2  
  127  7:50  Zealot x3  
  133  7:53  Observer  
  131  7:59  Zealot  
  131  8:02  Disruptor  
  131  8:03  Sentry, Zealot, Pylon  
  131  8:04  Pylon  
  138  8:16  Zealot x3  
  138  8:19  Zealot  
  146  8:22  Gateway x2  
  146  8:27  Probe  
  146  8:28  Probe  
  146  8:29  Disruptor  
  146  8:36  Stalker x5  
  146  8:37  Probe  
  146  8:40  Probe  
  161  8:47  Probe  
  161  8:48  Assimilator  
  162  8:49  Probe, Assimilator  
  162  8:51  Robotics Facility  
  163  8:59  Zealot  
  163  9:02  Pylon x2  
  165  9:03  Pylon  
  165  9:04  Pylon  
  165  9:18  Nexus  
  165  9:21  Disruptor  
  163  9:25  Forge  
  163  9:27  Probe x2  
  168  9:34  Zealot x6  
  168  9:35  Disruptor  
  183  9:58  Stalker x3, Shield Battery x2  
  183  9:59  Shield Battery  

Tags
 
Add a new tag
Caveats
  • Supply blocks, unpowered buildings, or Contaminate may cause inaccurate times.
  • Supply counts are checked every 10 seconds.